 Dungeon Crawl Stone Soup version 0.27.1-34-g3ba077fa99 (webtiles) character file.

Game seed: 2023800706512394363

14 Atelerd the Chopper (level 2, -2/27 HPs)
             Began as a Hill Orc Monk on Jan 9, 2022.
             Slain by a quokka (3 damage)
             ... on level 1 of the Dungeon on Jan 11, 2022.
             The game lasted 00:00:50 (491 turns).

Atelerd the Chopper (Hill Orc Monk)                  Turns: 491, Time: 00:00:50

Health: -2/27      AC:  2    Str: 13    XL:     2   Next: 45%
Magic:  2/2        EV: 12    Int: 10    God:
Gold:   27         SH:  0    Dex: 13    Spells: 1/1 levels left

rFire    . . .     SeeInvis .   a - +0 hand axe
rCold    . . .     Faith    .   (no shield)
rNeg     . . .     Spirit   .   b - +0 robe
rPois    .         Reflect  .   (no helmet)
rElec    .         Harm     .   (no cloak)
rCorr    .         Rampage  .   (no gloves)
Will     .....                  (no boots)
Stlth    ++........             (no amulet)
HPRegen  0.09/turn              (no ring)
MPRegen  0.08/turn              (no ring)

@: no status effects
A: no striking features
a: no special abilities


You were on level 1 of the Dungeon.
You visited 1 branch of the dungeon, and saw 1 of its levels.

You collected 27 gold pieces.

Inventory:

Hand Weapons
 a - a +0 hand axe (weapon)
Armour
 b - a +0 robe (worn)
Jewellery
 d - an amulet of regeneration
Scrolls
 c - a scroll of noise {unknown}
Potions
 e - a potion of flight {unknown}


   Skills:
 + Level 4.0 Fighting
 + Level 4.3 Axes
 + Level 2.6 Dodging
 - Level 1.5 Stealth


You had one spell level left.
You didn't know any spells.
Your spell library contained the following spells:

 Spells                   Type           Power      Damage    Failure   Level
 Animate Skeleton         Necr           0%         N/A       36%         1
 Pain                     Necr           0%         1d4       36%         1
 Vampiric Draining        Necr           0%         2d6       75%         3


Dungeon Overview and Level Annotations

Branches:
Dungeon (1/15)

Altars:


Message History

The slug dart misses you.
There are monsters nearby!
You barely miss the quokka. You hit the dart slug. The quokka bites you. x2
There are monsters nearby!
You hit the dart slug but do no damage.
The dart slug is lightly wounded.
You hit the quokka but do no damage. The dart slug misses you.
The quokka bites you.
There are monsters nearby!
You hit the dart slug.
The dart slug is moderately wounded.
You closely miss the quokka. The quokka bites you.
The dart slug launches a dart at you. The slug dart misses you.
There are monsters nearby!
You are too injured to fight recklessly!
There are monsters nearby!
There are monsters nearby!
You are too injured to fight recklessly!
There are monsters nearby!
You are too injured to fight recklessly!
There are monsters nearby!
You are too injured to fight recklessly!
There are monsters nearby!
You are too injured to fight recklessly!
The quokka misses you.
The dart slug bites you but does no damage.
The quokka closely misses you. The quokka barely misses you.
The dart slug bites you but does no damage.
The quokka barely misses you. The quokka bites you. The dart slug bites you.
* * * LOW HITPOINT WARNING * * *
The quokka twitches its whiskers.
The quokka bites you.
* * * LOW HITPOINT WARNING * * *
The quokka bites you.
* * * LOW HITPOINT WARNING * * *
The dart slug barely misses you. The quokka bites you.
You die...

###...### ........#
#..(..# ........#
#.8.8†#
........###.#'#.###
........#...#.#...######
........+.###.###.......
........#.#8...8#..#####
.......w#.#.._..#..#
#...r@..#8...8#..#
######..###.###..#
#....#.#....#
#....#'#....#
###..8.8..### ##...).##
#######


You could see a dart slug and a quokka.

Vanquished Creatures
  3 ball pythons (D:1)
  3 bats (D:1)
  A goblin (D:1)
  3 hobgoblins (D:1)
  A frilled lizard (D:1)
  A kobold (D:1)
  A rat (D:1)
13 creatures vanquished.

Notes
Turn   | Place    | Note
-------+----------+-------------------------------------------
     0 | D:1      | Atelerd the Hill Orc Monk began the quest for the Orb.
     0 | D:1      | Reached XP level 1. HP: 19/19 MP: 1/1
   250 | D:1      | Reached XP level 2. HP: 27/27 MP: 2/2
   417 | D:1      | Found a faded altar of an unknown god.
   490 | D:1      | HP: 1/27 [quokka (2)]
   491 | D:1      | Slain by a quokka

Illustrated notes

Levels and vault maps discovered:
D:1:      psy_arrival_radial01, layout_basic,
          dreamdust_ecumenical_altar_angels_and_demons

Skill      XL: |  1  2 |
---------------+-------+-----
Fighting       | 4 |  4.0
Axes           | |  4.3
Dodging        | |  2.6
Stealth        | |  1.5

Action                   || total
-------------------------++-------
Melee: Hand axe          ||    32
 Stab: Sleeping          ||     2
Armor: Robe              ||     5
Dodge: Dodged            ||    31
